 Dungeon Crawl Stone Soup version 0.17-a0-1767-gccbed74 (webtiles) character file.

125491 4thArraOfDagon the Brawler (level 16, -14/158 HPs)
             Began as a Troll Chaos Knight on Sept 6, 2015.
             Was the Champion of Cheibriados.
             Hit by a large rock thrown by a cyclops (31 damage)
             ... on level 1 of the Shoals.
             The game lasted 01:19:40 (11466 turns).

4thArraOfDagon the Brawler (Troll Chaos Knight)    Turns: 11466, Time: 01:19:40

Health: -14/158    AC: 18    Str: 39    XL:     16   Next: 41%
Magic:  11/24      EV: 20    Int: 25    God:    Cheibriados [******]
Gold:   1226       SH:  2    Dex: 24    Spells: 7 memorised, 5 levels left

rFire  + . .     SeeInvis +       - Unarmed
rCold  + . .     Clarity  .     S - +2 robe {MR+}
rNeg   + + +     SustAt   .     (no shield)
rPois  +         Gourm    +     c - +2 hat {SInv}
rElec  .         Spirit   .     a - +0 cloak of Minor Irritation {*Contam rF+ rN++ rCorr}
rCorr  +         Warding  .     (gloves unavailable)
rMut   .         Stasis   .     (boots unavailable)
MR     +++++                    G - amulet of resist corrosion
Stlth  +++.......               r - ring of Edosoa {+Fly rPois rN+ MR+++ Int-3}
                                h - +4 ring of protection

@: manticore barbs, regenerating, very slow, almost entirely resistant to
hostile enchantments, fairly stealthy
A: unfitting armour, antennae 1, claws 3, large bone plates 1, thin metallic
scales 1, camouflage 1, cold resistance 1, fast metabolism 3, gourmand, high mp
1, regeneration 2, shaggy fur 1, tough skin 2, subdued magic 1
a: Bend Time, Temporal Distortion, Slouch, Step From Time, Renounce Religion,
Evoke Flight


You were on level 1 of the Shoals.
You worshipped Cheibriados.
Cheibriados was exalted by your worship.
You were very full.

You visited 6 branches of the dungeon, and saw 32 of its levels.
You also visited: Ossuary and Volcano.

You collected 2624 gold pieces.
You spent 1398 gold pieces at shops.

Inventory:

Hand weapons
 f - a cursed +1 giant club of chaos
 O - a +0 bardiche
Missiles
 d - 4 curare-tipped needles
 B - a throwing net (quivered)
 E - 4 large rocks
Armour
 a - the +0 cloak of Minor Irritation (worn) {*Contam rF+ rN++ rCorr}
   (You bought it in a shop on level 6 of the Dungeon)

   It protects you from fire.
   It greatly protects you from negative energy.
   It causes magical contamination when unequipped.
   It protects you from acid and corrosion.
 c - a +2 hat of see invisible (worn)
 S - a +2 robe of magic resistance (worn)
Rods
 o - a +4 rod of clouds (13/13)
   (You took it off a deep elf demonologist on level 3 of the Elven Halls)
Jewellery
 g - a cursed ring of teleportation
 h - a +4 ring of protection (left claw)
 r - the ring of Edosoa (right claw) {+Fly rPois rN+ MR+++ Int-3}
   (You took it off a deep elf conjurer on level 3 of the Elven Halls)

   [ring of poison resistance]

   It affects your intelligence (-3).
   It protects you from poison.
   It protects you from negative energy.
   It affects your resistance to hostile enchantments.
   It lets you fly.
 G - an amulet of resist corrosion (around neck)
Magical devices
 l - a wand of polymorph (14)
 n - a wand of lightning (0)
 u - a wand of polymorph (3)
 y - a wand of slowing (16)
 F - a wand of paralysis (14)
 H - a wand of teleportation (6)
 J - a wand of lightning (6)
 M - a wand of draining (0)
Scrolls
 s - 2 scrolls of remove curse
 t - a scroll of enchant weapon
 D - 3 scrolls of enchant armour
 Q - a scroll of amnesia
 R - a scroll of recharging
Potions
 e - 3 potions of curing
 i - 3 potions of haste
 k - 3 potions of flight
 m - 4 potions of might
 p - 3 potions of cancellation
 q - 2 potions of magic
 v - 3 potions of brilliance
 w - a potion of agility
 x - 2 potions of cure mutation
 L - a potion of resistance
Books
 K - a book of Geomancy

   Spells                             Type                      Level
   a - Sandblast                      Earth                        1
   b - Stoneskin                      Transmutation/Earth          2
   c - Passwall                       Transmutation/Earth          3
   d - Stone Arrow                    Conjuration/Earth            3
   e - Petrify                        Transmutation/Earth          4
   f - Lee's Rapid Deconstruction     Earth                        5
 N - Sif Muna's Tome of Dislocated Stolen Souls
   (You found it on level 3 of the Elven Halls)

   Spells                             Type                      Level
   a - Apportation                    Translocation                1
   b - Sublimation of Blood           Necromancy                   2
   c - Teleport Other                 Translocation                3
   d - Animate Dead                   Necromancy                   4
   e - Excruciating Wounds            Charms/Necromancy            5
   f - Phase Shift                    Translocation                5
Miscellaneous
 C - a stone of tremors
 P - a fan of gales
 V - an ornate deck of war
 W - a legendary deck of escape
Comestibles
 b - 5 bread rations
 j - 3 fruits
 z - 2 slices of pizza
 A - 3 meat rations
 I - 4 beef jerkies


   Skills:
 - Level 10.0 Fighting
 - Level 4.8 Maces & Flails
 - Level 10.0 Dodging
 - Level 17.0 Unarmed Combat
 + Level 4.7 Spellcasting
 - Level 4.2 Charms
 - Level 5.1 Necromancy
 * Level 6.7 Translocations
 - Level 10.0 Invocations


You had 5 spell levels left.
You knew the following spells:

 Your Spells              Type           Power        Failure   Level  Hunger
a - Stoneskin             Trmt/Erth      #.......     7%          2    None
b - Passwall              Trmt/Erth      #.........   16%         3    ##.....
c - Animate Skeleton      Necr           N/A          1%          1    None
d - Apportation           Tloc           ####......   1%          1    None
e - Regeneration          Chrm/Necr      ###.......   1%          3    ##.....
f - Cure Poison           Pois           #.........   7%          2    None
g - Controlled Blink      Tloc           N/A          100%        7    #######


Dungeon Overview and Level Annotations

Branches:
Dungeon (15/15)            Temple (1/1) D:5            Lair (8/8) D:10
 Shoals (1/4) Lair:4       Spider (0/4) Lair:3        Slime (0/6) Lair:6
    Orc (4/4) D:10            Elf (3/3) Orc:4        Vaults (0/5) D:13
 Depths: D:15

Altars:
Ashenzari
Cheibriados
Dithmenos
Kikubaaqudgha
Makhleb
Nemelex Xobeh
Okawaru
Qazlal
Ru
Trog
Xom
Yredelemnul

Shops:
D:6 %[   D:8 }   D:11 =   Orc:4 (*[:

Portals:
Trove: D:12 (give +4 demon blade)

Annotations:
D:8 exclusion: obsidian statue
Lair:5 exclusion: 2 oklob plants


Innate Abilities, Weirdness & Mutations

You are too large for most types of armour.
You have claws for hands.
Your metabolism is lightning-fast.
You like to eat raw meat.
You heal very quickly.
You are covered in fur (AC +1).
You have very tough skin (AC +2).
You have a pair of small antennae on your head.
You are partially covered in large bone plates (AC +2, SH +2).
You are partially covered in thin metallic scales (AC +2).
Your skin changes colour to match your surroundings (Stealth).
Your flesh is cold resistant.
You have an increased reservoir of magic (+10% MP).
Your spells are a little easier to cast, but a little less powerful.


Message History

Evoke which item? (* to show all) (? for menu, Esc to quit)
Okay, then.
Drink which item? (? for menu, Esc to quit)
Okay, then.
Read which item? (? for menu, Esc to quit)
Okay, then.
Use which ability?
Okay, then.
Unknown command.
Use which ability?
You step out of the flow of time.
You return to the normal time flow.
You feel quite a bit less full.
Unknown command.
Unknown command.
Evoke which item? (* to show all) (? for menu, Esc to quit)
Okay, then.
The cyclops shouts!
The cyclops throws a large rock.
The large rock hits you!!
You die...
Xom giggles madly!

≈≈≈≈≈≈≈≈≈≈≈≈≈≈≈≈≈
≈≈≈≈≈≈≈≈≈≈≈≈≈≈≈≈≈
≈≈≈≈≈...≈≈≈≈≈≈≈≈≈
≈P≈≈.P).....≈.... #
≈####≈<......... ##.
##..##†......... #...
#....#..)...(...
##....###...)#........##
''.[..)@'...))........##
##....###...÷#.........#
#... #8#....#..........
##( ##≈##.C##..........
# ##≈≈≈####≈..........
#PPP...............≈
##P≈P.P...........≈≈
###P>P≈≈.....≈≈≈...≈≈
###..PP.......≈≈≈≈≈..≈≈


You could see a cyclops.

Vanquished Creatures
  Rupert (D:14)
  4 deep elf master archers (Elf:3)
  6 deep elf blademasters (Elf:3)
  Agnes (D:14)
  Maud (Orc:2)
  3 deep elf sorcerers (Elf:3)
  An orc warlord (Orc:4)
  5 deep elf annihilators (Elf:3)
  4 deep elf demonologists (Elf:3)
  7 deep elf death magi (Elf:3)
  3 merfolk impalers (Shoals:1)
  2 deep elf high priests (Elf:3)
  The ghost of luca467 the Fighter, a powerful DsMo of Dithmenos (Lair:1)
  2 hydras
  Erica (Lair:1)
  A merfolk aquamancer (Shoals:1)
  A dancing weapon (Elf:2)
  5 death yaks
  An orc high priest (Orc:4)
  6 deep elf knights
  A salamander mystic (Volcano)
  5 deep elf summoners (Elf:3)
  An unseen horror (D:14)
  A necromancer (D:13)
  Pikel (D:8)
  3 hill giants
  14 deep elf conjurers
  A lindwurm (shapeshifter) (Elf:1)
  An orc sorcerer (D:15)
  5 salamanders (Volcano)
  An octopode (shapeshifter) (D:15)
  7 orc knights
  2 griffons
  2 cyclopes
  Maurice (Orc:3)
  A guardian serpent (shapeshifter) (Elf:3)
  Joseph (D:8)
  3 manticores
  6 elephants
  A black mamba (shapeshifter) (D:15)
  2 black mambas
  2 molten gargoyles (Volcano)
  10 komodo dragons
  2 kobold demonologists (D:11)
  3 spiny frogs
  2 spriggan druids (Lair:8)
  2 deep elf priests
  A two-headed ogre (D:13)
  A fire drake (Lair:7)
  3 merfolk (Shoals:1)
  7 trolls
  8 blink frogs
  Prince Ribbit (D:7)
  9 polar bears (Lair:8)
  A snapping turtle (Shoals:1)
  12 slime creatures
  36 yaks
  2 wraiths
  5 redbacks (Lair:8)
  A wyvern (D:11)
  7 spriggans (Lair:8)
  22 deep elf magi
  A golden eye (shapeshifter) (D:11)
  A fire bat (shapeshifter) (D:15)
  2 hungry ghosts
  11 deep elf fighters
  Grum (D:9)
  3 vampire mosquitoes (D:15)
  A fire bat (Volcano)
  7 hippogriffs
  3 shadows
  3 basilisks
  2 mottled dragons
  5 wargs
  6 porcupines
  19 wolves
  5 black bears (Lair:8)
  A sky beast (D:5)
  8 water moccasins
  3 slaves (D:8)
  4 wasps
  27 orc warriors
  8 spiders (Lair:3)
  A necrophage (D:10)
  7 centaurs
  10 ogres
  A crocodile (Lair:7)
  4 big kobolds
  2 gnoll sergeants (D:6)
  11 giant frogs
  A giant frog (shapeshifter) (D:6)
  4 water moccasin zombies (Ossuary)
  A wyvern skeleton (D:6)
  3 killer bees (D:13)
  4 scorpions
  6 wights
  An electric eel (Elf:3)
  4 crimson imps
  5 hounds
  4 lava snakes (Volcano)
  13 orc priests
  20 orc wizards
  2 jellies
  7 worker ants
  4 centaur skeletons
  Natasha (D:2)
  A gnoll shaman (D:6)
  4 iguanas
  A quasit (D:10)
  A killer bee zombie (D:11)
  4 sheep (Shoals:1)
  2 big kobold zombies (Ossuary)
  A hound zombie (D:9)
  2 mummies (Ossuary)
  A hound skeleton (D:5)
  44 gnolls
  A worker ant zombie (D:8)
  13 adders
  3 shadow imps
  13 river rats
  6 adder zombies (Ossuary)
  A worm (D:2)
  A worm (shapeshifter) (D:15)
  4 giant geckos
  123 orcs
  2 ball pythons
  2 giant cockroaches (D:6)
  A gnoll zombie (Ossuary)
  2 goblins (D:2)
  4 hobgoblins
  33 jackals
  5 kobolds
  3 bats (D:2)
  5 giant newts
  5 hobgoblin zombies (Ossuary)
  A jackal zombie (D:8)
  6 kobold zombies (Ossuary)
  4 orc zombies (Ossuary)
  3 quokkas
  2 rats
  5 crawling corpses (Elf:3)
799 creatures vanquished.

Vanquished Creatures (collateral kills)
  A deep elf demonologist (Elf:3)
1 creature vanquished.

Vanquished Creatures (others)
  A kobold demonologist (D:11)
  A slave (D:8)
  20 fungi
  A plant (Lair:7)
23 creatures vanquished.

Grand Total: 823 creatures vanquished

Notes
Turn   | Place    | Note
--------------------------------------------------------------
     0 | D:1      | 4thArraOfDagon the Troll Chaos Knight began the quest for the Orb.
     0 | D:1      | Reached XP level 1. HP: 22/22 MP: 0/0
   114 | D:1      | XOM: harmless Air miscast
   116 | D:1      | XOM: divination: detect creatures
   198 | D:2      | XOM: silly message
   206 | D:2      | Reached XP level 2. HP: 22/29 MP: 1/1
   211 | D:2      | XOM: divination: detect creatures
   293 | D:2      | Noticed Natasha
   299 | D:2      | Reached XP level 3. HP: 34/36 MP: 2/2
   301 | D:2      | Killed Natasha
   308 | D:2      | Reached skill level 4 in Unarmed Combat
   328 | D:2      | Reached XP level 4. HP: 17/44 MP: 3/3
   376 | D:2      | XOM: mild Fire miscast
   511 | D:3      | XOM: potion effect (brilliance)
   517 | D:2      | XOM: divination: detect creatures
   530 | D:2      | Found a faded altar to an unknown god.
   623 | D:2      | XOM: confuse monster(s)
   629 | D:2      | Reached XP level 5. HP: 21/53 MP: 4/4
   642 | D:3      | XOM: medium Tloc miscast
   662 | D:3      | XOM: 1-stop teleportation journey
   684 | D:4      | Noticed an ogre
   702 | D:4      | Reached skill level 5 in Unarmed Combat
   721 | D:4      | Found a shattered altar of Ashenzari.
   722 | D:4      | XOM: 2-stop teleportation journey
   745 | D:4      | XOM: noise
   753 | D:4      | XOM: chaos upgrade
   754 | D:4      | Killed an ogre
   754 | D:4      | Reached XP level 6. HP: 54/61 MP: 5/5
   816 | D:4      | Found a sand-covered staircase.
   820 | Ossuary  | Entered an ossuary
   841 | Ossuary  | Reached skill level 1 in Maces & Flails
   896 | Ossuary  | XOM: confusion
   936 | Ossuary  | Reached XP level 7. HP: 65/67 MP: 6/6
  1057 | D:5      | Entered Level 5 of the Dungeon
  1121 | D:5      | Found a staircase to the Ecumenical Temple.
  1152 | Temple   | Entered the Ecumenical Temple
  1213 | Temple   | Fell from the grace of Xom
  1213 | Temple   | Became a worshipper of Cheibriados the Contemplative
  1287 | D:6      | Found a bloodstained altar of Trog.
  1313 | D:5      | XOM: summons 14 hostile demons
  1314 | D:5      | Noticed a hellwing
  1422 | D:6      | Found Gaupn's Food Boutique.
  1427 | D:6      | Noticed Eustachio
  1462 | D:5      | Reached skill level 1 in Invocations
  1512 | D:6      | Noticed Eustachio
  1512 | D:6      | Eustachio changed into Eustachio the giant frog
  1512 | D:6      | XOM: polymorph Eustachio -> Eustachio the giant frog
  1514 | D:6      | Killed Eustachio the giant frog
  1514 | D:6      | Reached XP level 8. HP: 67/78 MP: 6/8
  1534 | D:6      | Reached skill level 6 in Unarmed Combat
  1641 | D:6      | Acquired Cheibriados's first power
  1657 | D:6      | Found Sittisepp's Antique Armour Boutique.
  1674 | D:6      | XOM: mild Trmt miscast
  1698 | D:6      | XOM: medium Divn miscast
  1790 | D:6      | XOM: summons 1 hostile demon
  1932 | D:6      | Reached skill level 7 in Unarmed Combat
  2077 | D:6      | Acquired Cheibriados's second power
  2107 | D:6      | XOM: medium Summ miscast
  2203 | D:6      | XOM: medium Chrm miscast
  2324 | D:7      | Reached XP level 9. HP: 85/85 MP: 10/10
  2458 | D:8      | Noticed Prince Ribbit
  2459 | D:8      | Noticed Joseph
  2472 | D:7      | Killed Prince Ribbit
  2590 | D:8      | Noticed Pikel
  2606 | D:8      | Killed Pikel
  2606 | D:8      | Reached skill level 5 in Fighting
  2606 | D:8      | Reached skill level 8 in Unarmed Combat
  2643 | D:8      | Noticed an obsidian statue
  2674 | D:8      | Acquired Cheibriados's third power
  2674 | D:8      | Reached skill level 5 in Dodging
  2789 | D:8      | Found Bamoegyo's Gadget Boutique.
  2858 | D:9      | Found a sparkling altar of Nemelex Xobeh.
  2960 | D:9      | Reached skill level 9 in Unarmed Combat
  2983 | D:9      | Noticed Grum
  2993 | D:9      | Killed Grum
  2993 | D:9      | Reached XP level 10. HP: 45/96 MP: 12/12
  3126 | D:10     | Entered Level 10 of the Dungeon
  3168 | D:10     | Reached skill level 5 in Invocations
  3273 | D:10     | Acquired Cheibriados's fourth power
  3340 | D:10     | Reached skill level 10 in Unarmed Combat
  3564 | D:11     | Noticed a hill giant
  3570 | D:11     | Killed a hill giant
  3647 | D:11     | Noticed a sun demon
  3656 | D:11     | Reached XP level 11. HP: 107/107 MP: 14/14
  3766 | D:10     | Reached skill level 11 in Unarmed Combat
  3778 | D:10     | XOM: give mutation
  3778 | D:10     | Gained mutation: You are weak. (Str -2) [Xom's mischief]
  3819 | D:11     | XOM: summons 5 hostile shadow creatures
  3918 | D:11     | Found Minetwurph's Jewellery Shop.
  4078 | D:12     | Found a portal to a secret trove of treasure.
  4103 | D:12     | XOM: mild Ice miscast
  4234 | D:12     | Learned a level 2 spell: Stoneskin
  4238 | D:12     | Learned a level 3 spell: Passwall
  4238 | D:12     | Noticed a hill giant
  4249 | D:12     | Killed a hill giant
  4414 | D:13     | Noticed a hill giant
  4422 | D:13     | Killed a hill giant
  4450 | D:13     | XOM: medium Chrm miscast
  4532 | D:13     | Reached skill level 12 in Unarmed Combat
  4624 | D:13     | Noticed a necromancer
  4627 | D:13     | Killed a necromancer
  4627 | D:13     | Reached XP level 12. HP: 116/119 MP: 16/16
  4646 | D:13     | Found a gate to the Vaults.
  4871 | D:14     | Noticed Agnes
  4999 | D:15     | XOM: noise
  4999 | D:15     | Entered Level 15 of the Dungeon
  5041 | D:15     | XOM: polymorph mottled dragon -> worm
  5113 | D:15     | Noticed a rakshasa
  5130 | D:15     | Gained mutation: You are partially covered in thin metallic scales (AC +2). [mutagenic meat]
  5131 | D:15     | Lost mutation: You are weak. (Str -2) [mutagenic meat]
  5162 | D:15     | Gained mutation: Your spells are a little easier to cast, but a little less powerful. [mutagenic meat]
  5163 | D:15     | Gained mutation: You have a pair of small antennae on your head. [mutagenic meat]
  5240 | D:15     | Reached skill level 13 in Unarmed Combat
  5259 | D:15     | XOM: cast spell 'Necromutation'
  5304 | D:14     | Noticed Rupert
  5364 | D:14     | Killed Rupert
  5458 | D:14     | XOM: noise
  5466 | D:14     | Killed Agnes
  5472 | D:14     | XOM: noise
  5501 | D:13     | XOM: medium Ice miscast
  5545 | D:12     | XOM: mild Divn miscast
  5740 | D:8      | Killed Joseph
  5779 | D:6      | Bought a twisted cloak for 228 gold pieces
  5779 | D:6      | Bought a faintly glowing large shield for 228 gold pieces
  5784 | D:6      | Identified the cursed -7 large shield of Vlad {rC+} (You bought it in a shop on level 6 of the Dungeon)
  5784 | D:6      | ROTFL
  5789 | D:6      | Identified the cursed +0 cloak of Minor Irritation {*Contam rF+ rN++ rCorr} (You bought it in a shop on level 6 of the Dungeon)
  5789 | D:6      | ROF
  5933 | D:10     | Found a staircase to the Orcish Mines.
  5936 | D:10     | XOM: medium Summ miscast
  5948 | Orc:1    | Entered Level 1 of the Orcish Mines
  6092 | Orc:3    | XOM: noise
  6104 | Orc:3    | Reached XP level 13. HP: 108/128 MP: 18/18
  6272 | Orc:2    | Noticed Maud
  6289 | Orc:2    | Killed Maud
  6410 | Orc:3    | XOM: mild Air miscast
  6433 | Orc:4    | Entered Level 4 of the Orcish Mines
  6438 | Orc:4    | Noticed an orc warlord
  6525 | Orc:3    | Noticed Maurice
  6535 | Orc:3    | Killed Maurice
  6561 | Orc:2    | XOM: stat loss: -3 Dex (21/24)
  6617 | Orc:4    | XOM: mild Tloc miscast
  6705 | Orc:4    | Found a staircase to the Elven Halls.
  6827 | Orc:4    | Killed an orc warlord
  6827 | Orc:4    | Reached skill level 14 in Unarmed Combat
  6883 | Orc:4    | Found Hodim's General Store.
  6894 | Orc:4    | Bought 2 potions of mutation for 75 gold pieces
  6894 | Orc:4    | Gained mutation: You expend magic power (3 MP) to strengthen your wands. [potion of mutation]
  6894 | Orc:4    | Gained mutation: Your skin changes colour to match your surroundings (Stealth). [potion of mutation]
  6895 | Orc:4    | Gained mutation: You have an increased reservoir of magic (+10% MP). [potion of mutation]
  6895 | Orc:4    | Lost mutation: You expend magic power (3 MP) to strengthen your wands. [potion of mutation]
  6895 | Orc:4    | Gained mutation: You are partially covered in large bone plates (AC +2, SH +2). [potion of mutation]
  6919 | Orc:4    | XOM: mild Erth miscast
  6920 | Orc:4    | Found Qoish's Book Emporium.
  6997 | Orc:4    | XOM: confusion (+ monsters)
  7174 | Orc:4    | Found Faxed's Antique Armour Shoppe.
  7189 | Orc:4    | Found Tuggaas's Antique Weapon Shoppe.
  7254 | Orc:4    | Bought a book of Necromancy for 390 gold pieces
  7254 | Orc:4    | Bought a book of Cantrips for 260 gold pieces
  7256 | Orc:4    | Learned a level 1 spell: Animate Skeleton
  7258 | Orc:4    | Learned a level 1 spell: Apportation
  7262 | Orc:4    | Learned a level 3 spell: Regeneration
  7321 | Elf:1    | Entered Level 1 of the Elven Halls
  7442 | Elf:2    | Reached skill level 1 in Necromancy
  7518 | Elf:3    | Entered Level 3 of the Elven Halls
  7631 | Elf:2    | Reached skill level 1 in Charms
  7694 | Elf:3    | Reached skill level 1 in Spellcasting
  7704 | Elf:3    | XOM: severe Hex miscast
  7909 | Elf:3    | Noticed a deep elf annihilator
  7921 | Elf:3    | Killed a deep elf annihilator
  7921 | Elf:3    | Reached XP level 14. HP: 130/140 MP: 17/22
  7939 | Elf:3    | XOM: summons 2 hostile demons
  7968 | Elf:3    | XOM: give mutation
  7968 | Elf:3    | Gained mutation: Your flesh is cold resistant. [Xom's mischief]
  8026 | Elf:3    | Noticed a deep elf blademaster
  8039 | Elf:3    | Killed a deep elf blademaster
  8058 | Elf:3    | Noticed a deep elf annihilator
  8079 | Elf:3    | Killed a deep elf annihilator
  8091 | Elf:3    | Reached skill level 15 in Unarmed Combat
  8096 | Elf:3    | Noticed a deep elf master archer
  8097 | Elf:3    | Noticed a deep elf sorcerer
  8171 | Elf:3    | XOM: medium Tloc miscast
  8171 | Elf:3    | Was forgiven by Xom
  8234 | Elf:3    | Noticed a deep elf annihilator
  8247 | Elf:3    | Killed a deep elf annihilator
  8308 | Elf:3    | Killed a deep elf sorcerer
  8310 | Elf:3    | Noticed a deep elf demonologist
  8317 | Elf:3    | Killed a deep elf demonologist
  8320 | Elf:3    | Killed a deep elf master archer
  8386 | Elf:3    | Noticed a deep elf master archer
  8401 | Elf:3    | Killed a deep elf master archer
  8401 | Elf:3    | Reached skill level 5 in Necromancy
  8438 | Elf:3    | Noticed a deep elf sorcerer
  8443 | Elf:3    | Killed a deep elf sorcerer
  8462 | Elf:3    | Got a smoking turquoise ring
  8473 | Elf:3    | Noticed a deep elf demonologist
  8477 | Elf:3    | Noticed an Ice Fiend
  8477 | Elf:3    | Killed a deep elf demonologist
  8483 | Elf:3    | Identified the ring of Edosoa {+Fly rPois rN+ MR+++ Int-3} (You took it off a deep elf conjurer on level 3 of the Elven Halls)
  8484 | Elf:3    | :)
  8511 | Elf:3    | Noticed a deep elf demonologist
  8512 | Elf:3    | Killed a deep elf demonologist
  8529 | Elf:3    | Noticed a deep elf demonologist
  8540 | Elf:3    | Killed a deep elf demonologist
  8564 | Elf:3    | Noticed a deep elf blademaster
  8564 | Elf:3    | Noticed a deep elf master archer
  8566 | Elf:3    | Noticed a deep elf blademaster
  8569 | Elf:3    | Killed a deep elf blademaster
  8569 | Elf:3    | Killed a deep elf blademaster
  8569 | Elf:3    | Reached skill level 16 in Unarmed Combat
  8576 | Elf:3    | Killed a deep elf master archer
  8576 | Elf:3    | Reached XP level 15. HP: 87/146 MP: 9/23
  8652 | Elf:3    | Noticed a deep elf annihilator
  8663 | Elf:3    | Killed a deep elf annihilator
  8706 | Elf:3    | Noticed a deep elf blademaster
  8720 | Elf:3    | Killed a deep elf blademaster
  8754 | Elf:3    | Noticed a deep elf sorcerer
  8755 | Elf:3    | Noticed a deep elf annihilator
  8771 | Elf:3    | Killed a deep elf sorcerer
  8792 | Elf:3    | Killed a deep elf annihilator
  8855 | Elf:3    | Noticed a deep elf demonologist
  8860 | Elf:3    | Noticed a deep elf master archer
  8862 | Elf:3    | Noticed an Ice Fiend
  8917 | Elf:3    | Killed a deep elf master archer
  9012 | Elf:3    | Noticed a deep elf blademaster
  9016 | Elf:3    | Paralysed by a chaos spawn for 4 turns
  9140 | Elf:3    | Noticed a Shadow Fiend
  9143 | Elf:3    | Noticed an Ice Fiend
  9143 | Elf:3    | Killed a deep elf demonologist
  9146 | Elf:3    | Identified a +4 rod of clouds (7/13) (You took it off a deep elf demonologist on level 3 of the Elven Halls)
  9159 | Elf:3    | Killed a deep elf blademaster
  9159 | Elf:3    | Reached skill level 10 in Invocations
  9205 | Elf:3    | Learned a level 2 spell: Cure Poison
  9251 | Elf:3    | Identified Sif Muna's Tome of Dislocated Stolen Souls (You found it on level 3 of the Elven Halls)
  9268 | Elf:3    | Noticed a deep elf blademaster
  9281 | Elf:3    | Killed a deep elf blademaster
  9350 | Elf:3    | Learned a level 7 spell: Controlled Blink
  9632 | D:11     | Bought a cursed ring of teleportation for 217 gold pieces
  9663 | D:10     | Found a staircase to the Lair.
  9675 | Lair:1   | Entered Level 1 of the Lair of Beasts
  9675 | Lair:1   | Noticed Erica
  9683 | Lair:1   | Killed Erica
  9683 | Lair:1   | Reached skill level 1 in Translocations
  9736 | Lair:1   | Noticed luca467's ghost (powerful DsMo)
  9747 | Lair:1   | Killed luca467's ghost
  9777 | Lair:3   | Found a hole to the Spider Nest.
  9806 | Lair:3   | Reached skill level 17 in Unarmed Combat
  9989 | Lair:4   | Found a staircase to the Shoals.
 10052 | Lair:6   | Found a staircase to the Slime Pits.
 10177 | Lair:7   | Reached skill level 10 in Fighting
 10192 | Lair:7   | Found a dark tunnel.
 10201 | Volcano  | Entered a volcano
 10340 | Volcano  | Found a bloodstained altar of Trog.
 10350 | Volcano  | Reached skill level 10 in Dodging
 10500 | Lair:8   | Entered Level 8 of the Lair of Beasts
 10625 | Lair:8   | Reached XP level 16. HP: 124/158 MP: 19/24
 10737 | Lair:8   | Reached skill level 5 in Translocations
 11298 | Shoals:1 | Entered Level 1 of the Shoals
 11298 | Shoals:1 | Found a runed door.
 11466 | Shoals:1 | Hit by a large rock thrown by a cyclops

Vault maps used:
D:1:      nagdon_arrival_zigzag_paths, nemelex_altar_shiori
D:2:      ecumenical_altar_1, minmay_misc_feat_rows, roderic_curled_sauvastika,
          uniq_natasha
D:3:      first_bread
D:4:      evilmike_ruin_ashenzari, kennysheep_mini, vehumet_statue,
          enter_ossuary_5, minmay_statues_item, lexackson_kobold_supper
D:5:      lemuel_doored_altar, minmay_temple_entry_glassed_door,
          kennysheep_generic_room_10, uniq_menkaure
D:6:      lemuel_castle_with_subvaults, serial_shops, shop_fountains, shop,
          kennysheep_mini_moat, basic_altar, kennysheep_generic_room_6,
          uniq_eustachio
D:7:      kennysheep_small_circle, uniq_crazy_yiuf_cottage
D:8:      minmay_separated_statues, serial_shops, shop, uniq_prince_ribbit1,
          uniq_pikel, uniq_joseph
D:9:      led_sif_book, gammafunk_temple_overflow_elements, basic_altar,
          hangedman_ranch, minmay_three_doors, uniq_grum
D:10:     lair_0_dummy, hiddenorc1_lemuel, nicolae_straight_to_the_point
D:11:     serial_shops, shop_fountains
D:12:     lemuel_ice_spiral_2, enter_trove_2, uniq_azrael
D:13:     david_vaults_1
D:14:     hangedman_decor_opposing, uniq_agnes, uniq_rupert
D:15:     gammafunk_enter_depths_forms, fedhas_altar_fruit_tree
Temple:   chambers_temple_12
Lair:1:   st_stairs_8, infiniplex_staircase_pool, uniq_fannar, uniq_gastronok,
          uniq_erica
Lair:2:   uniq_urug
Lair:3:   spider_nest_entry_a, beast_lair_carwin_6, grunt_megastairs_3,
          lemuel_fruit_tree
Lair:4:   minmay_shoals_entry_beasts, ldierk_geyser, st_stairs_9
Lair:5:   dpeg_oklob_1
Lair:6:   slime_dummy
Lair:7:   enter_volcano_3, beast_lair_carwin_2
Lair:8:   minmay_lair_end_enchanted_forest, zaba_anthell, grunt_megastairs_4,
          serial_bayou_shore_b, serial_bayou_shore_a
Shoals:1: lightli_airlock
Orc:1:    uniq_harold
Orc:2:    uniq_maud
Orc:3:    nicolae_orc_pool_cavern, uniq_maurice
Orc:4:    grunt_orc_gardens, grunt_orc_garden, grunt_orc_garden,
          grunt_orc_garden, grunt_orc_garden
Elf:1:    elf_arrival_002, minivault_28, grunt_megastairs_2
Elf:2:    serial_shops, shop, uniq_donald
Elf:3:    minmay_elf_hall, hex_intersection
Ossuary:  ossuary_tomb_2
Volcano:  volcano_lake

Action                   |  1- 3 |  4- 6 |  7- 9 | 10-12 | 13-15 | 16-18 || total
-------------------------+-------+-------+-------+-------+-------+-------++-------
Melee: Unarmed           |    69 |    90 |   403 |   509 |   872 |   245 ||  2188
       Giant club        |       |    71 |    60 |       |       |       ||   131
Throw: Throwing net      |       |     1 |     1 |     6 |     2 |       ||    10
       Large rock        |       |       |       |       |    20 |     1 ||    21
 Cast: Animate Skeleton  |       |       |       |       |    12 |       ||    12
       Regeneration      |       |       |       |       |    13 |    19 ||    32
       Apportation       |       |       |       |       |     3 |       ||     3
       Stoneskin         |       |       |       |       |     1 |       ||     1
       Cure Poison       |       |       |       |       |       |     1 ||     1
Invok: Temporal Distorti |       |       |       |     1 |     6 |     1 ||     8
       Slouch            |       |       |       |     4 |    11 |       ||    15
       Step From Time    |       |       |       |       |     1 |     1 ||     2
Evoke: Wand              |       |       |       |     4 |     7 |       ||    11
       Rod               |       |       |       |       |     1 |       ||     1
       Fan of gales      |       |       |       |       |     1 |       ||     1
  Use: Potion            |     1 |     2 |     3 |       |    11 |       ||    17
       Scroll            |       |     3 |     3 |    23 |     9 |     2 ||    40
 Stab: Petrifying        |       |     2 |       |       |       |       ||     2
       Sleeping          |       |       |     2 |     8 |    17 |     3 ||    30
       Distracted        |       |       |     1 |       |     3 |       ||     4
       Held in net/web   |       |       |     2 |     1 |     2 |       ||     5
       Confused          |       |       |       |     1 |       |       ||     1
       Invisible         |       |       |       |       |     9 |       ||     9
  Eat: Chunk             |     4 |     7 |    20 |    27 |    36 |     8 ||   102
